 Dungeon Crawl Stone Soup version 0.20.0-15-g7f486f2 (webtiles) character file.

53 Zachthehappycat the Charlatan (level 3, -1/27 HPs)
             Began as a Spriggan Artificer on July 1, 2017.
             Was an Initiate of Ru.
             Slain by Crazy Yiuf
             ... wielding a +2 quarterstaff of chaos
              (11 damage)
             ... on level 2 of the Dungeon.
             The game lasted 00:11:13 (2239 turns).

Zachthehappycat the Charlatan (Spriggan Artificer)  Turns: 2239, Time: 00:11:14

Health: -1/27      AC:  2    Str: 13    XL:     3   Next: 62%
Magic:  7/7        EV: 19    Int: 12    God:    Ru [......]
Gold:   187        SH:  0    Dex: 17    Spells: 2/2 levels left

rFire    . . .     SeeInvis +   i - +0 dagger
rCold    . . .     Gourm    .   (shield restricted)
rNeg     . . .     Faith    .   b - +0 robe
rPois    .         Spirit   .   (helmet restricted)
rElec    .         Reflect  .   (no cloak)
rCorr    .         Harm     .   (gloves unavailable)
MR       +....                  (boots unavailable)
Stlth    ..........             (no amulet)
Regen    0.1/turn               h - ring of protection from magic
MPRegen  0.1/turn               (no ring)

@: berserking, very quick
A: unfitting armour, see invisible, herbivore 3, speed 3, slow metabolism 2
a: Renounce Religion


You were on level 2 of the Dungeon.
You worshipped Ru.
Ru was noncommittal.
You were not hungry.

You visited 1 branch of the dungeon, and saw 2 of its levels.

You collected 187 gold pieces.

Inventory:

Hand Weapons
 i - a +0 dagger (weapon)
Missiles
 k - 62 stones (quivered)
 n - 3 tomahawks
Armour
 b - a +0 robe (worn)
Jewellery
 h - a ring of protection from magic (left hand)
Wands
 c - a wand of flame (8/48)
 d - a wand of enslavement (13/24)
 e - a wand of random effects (15/48)
Scrolls
 g - a scroll of enchant armour {unknown}
 j - 2 scrolls of identify {unknown}
 l - a scroll of random uselessness {unknown}
 o - a scroll of immolation {unknown}
Potions
 a - 2 potions of might {unknown}
 m - a potion of agility {unknown}
Comestibles
 f - a bread ration


   Skills:
 + Level 1.1 Fighting
 + Level 2.0 Short Blades
 + Level 3.9 Dodging
 + Level 2.3 Stealth
 + Level 4.8 Evocations


You had 2 spell levels left.
You didn't know any spells.

Dungeon Overview and Level Annotations

Branches:
Dungeon (2/15)

Altars:
Ru

Annotations:
D:2 Crazy Yiuf


Innate Abilities, Weirdness & Mutations

You are very small and have problems with some larger weapons.
You are too small for most types of armour.
You have supernaturally acute eyesight. (SInv)
You are a herbivore.
You cover ground extremely quickly.
You need consume almost no food.


Message History

Crazy Yiuf is almost dead.
Crazy Yiuf closely misses you.
You closely miss Crazy Yiuf.
Crazy Yiuf is almost dead.
Crazy Yiuf misses you.
You barely miss Crazy Yiuf.
Crazy Yiuf is almost dead.
Crazy Yiuf barely misses you.
You hit Crazy Yiuf but do no damage.
Crazy Yiuf is almost dead.
Crazy Yiuf hits you with a quarterstaff of chaos!
Ouch! That really hurt!
A red film seems to cover your vision as you go berserk!
You feel yourself moving faster!
You feel mighty!
You hit Crazy Yiuf.
Crazy Yiuf is almost dead.
You completely miss Crazy Yiuf.
Crazy Yiuf is almost dead.
Crazy Yiuf hits you with a quarterstaff of chaos!
You die...

#.....# #......#####.#...#.
......# #......# #....... #.....#
#.##.#.# ###...#. #....[#
######## #...... ####### #######
.# .# ###### ### .# ##....##
###..)# .#####......####@g...#
.............#..##...# ####
.#######....#.### ### #..#
.############## #..# .......#
#..# )#####.# ###########..# .#
#.# ###..%.........# .# #.#
#..........###.#######
.#####.#####......###............


You could see Crazy Yiuf.

Vanquished Creatures
  An adder (D:2)
  A dart slug (D:1)
  3 leopard geckos (D:1)
  4 bats
  A giant cockroach (D:1)
  4 hobgoblins
  7 jackals
  3 frilled lizards
  6 goblins
  A kobold (D:2)
  5 rats
36 creatures vanquished.

Notes
Turn   | Place    | Note
-------+----------+-------------------------------------------
     0 | D:1      | Zachthehappycat the Spriggan Artificer began the quest for the Orb.
     0 | D:1      | Reached XP level 1. HP: 9/9 MP: 4/4
   518 | D:1      | Reached XP level 2. HP: 14/14 MP: 6/6
   536 | D:1      | Reached skill level 1 in Fighting
  1614 | D:2      | Reached XP level 3. HP: 18/18 MP: 7/7
  2039 | D:2      | Found a sacrificial altar of Ru.
  2059 | D:2      | Became a worshipper of Ru the Awakened
  2217 | D:2      | Found a runed door.
  2221 | D:2      | Noticed Crazy Yiuf
  2239 | D:2      | Slain by Crazy Yiuf

Skill      XL: |  1  2  3 |
---------------+----------+-----
Fighting       | 1 |  1.1
Stealth        | 2 |  2.3
Short Blades   | 2 |  2.0
Dodging        | |  3.9
Evocations     | |  4.8

Action                   || total
-------------------------++-------
Melee: Short sword       ||    24
       Dagger            ||   193
Evoke: Wand              ||     9
 Stab: Sleeping          ||     5
       Distracted        ||     1
Armor: Robe              ||    20
Dodge: Dodged            ||   190
